[Event "*** Titled Tuesday Blitz"]
[Site "Chess.com"]
[Date "2019.06.04"]
[Round "7"]
[White "Firegrizzly"]
[Black "SalgadoChess91"]
[Result "1/2-1/2"]
[WhiteElo "2691"]
[BlackElo "2868"]
[TimeControl "180+2"]
[EndTime "14:35:26 PDT"]
[Termination "Game drawn by repetition"]

1. d4 Nf6 2. Nf3 d5 3. Bf4 c5 4. e3 Nc6 5. c3 Qb6 6. Qc1 Nh5 7. Bg5 h6 8. Bh4 g5 9. Bg3 Nxg3 10. hxg3 Bg7 11. Nbd2 Bf5 12. dxc5 Qxc5 13. Nb3 Qb6 14. Nfd4 Bg6 15. g4 e6 16. Be2 O-O-O 17. a4 a6 18. a5 Qc7 19. g3 Kb8 20. Nc5 Nxd4 21. cxd4 e5 22. Bxa6 exd4 23. Bxb7 Ka7 24. O-O dxe3 25.
Qxe3 d4 26. Qa3 Bf8 27. Rac1 Bxc5 28. Rxc5 Qxb7 29. Rfc1 Rd7 30. b4 d3 31. Qc3 Qf3 32. Rc7+ Rxc7 33. Qxc7+ Qb7 34. Qe5 Rc8 35. Rd1 Ka6 36.
Qd6+ Rc6 37. Qd4 Qb5 38. Qd8 Qb7 39. b5+ Kxb5 40. Rb1+ Ka6 41. Rxb7 Kxb7 42. f4 Rc1+ 43. Kf2 d2 44. Qd7+ Kb8 45. Qd8+ Kb7 46. Qd7+ Kb8 47. Qd8+ Kb7 1/2-1/2

[Event "*** Titled Tuesday Blitz"]
[Site "Chess.com"]
[Date "2019.06.04"]
[Round "7"]
[White "NMJeevanK"]
[Black "Gentlejimmy7"]
[Result "0-1"]
[WhiteElo "2439"]
[BlackElo "2552"]
[TimeControl "180+2"]
[EndTime "14:35:27 PDT"]
[Termination "Gentlejimmy7 won by checkmate"]

1. e4 c5 2. Nf3 e6 3. d4 cxd4 4. Nxd4 Nf6 5. Bd3 Nc6 6. c3 d5 7.
exd5 exd5 8. O-O Be7 9. h3 O-O 10. Bf4 Nxd4 11. cxd4 Bd6 12. Be5 Bxe5 13. dxe5 Ne4 14.
Nd2 Bf5 15. Re1 Qb6 16. Nxe4 dxe4 17. Bxe4 Bxe4 18. Rxe4 Qxb2 19. Re2 Qa3 20. Rb1 b6 21. Rb3 Qc5 22. Rg3 Rad8 23. Qa4 Rd4 24. Qxa7 Qc1+ 25. Kh2 Rd1 26. Rge3 Rh1+ 27. Kg3 Qc6 28. Re4 h5 29.
Qa3 Qg6+ 30. Kf3 Rg1 31. g3 Qf5+ 32. Rf4 Qxh3 33. e6 Qh1+ 34. Ke3 Re8 35. e7 Qd5 36.
Re4 f5 37. Rf4 g5 38. Ra4 Rd1 39. Ra8 Qe4# 0-1

[Event "*** Titled Tuesday Blitz"]
[Site "Chess.com"]
[Date "2019.06.04"]
[Round "7"]
[White "fidezivkovic"]
[Black "King_of_the_wing"]
[Result "0-1"]
[WhiteElo "2226"]
[BlackElo "2207"]
[TimeControl "180+2"]
[EndTime "14:35:27 PDT"]
[Termination "King_of_the_wing won on time"]

1. e4 e6 2. d3 c5 3. Nd2 Nc6 4. g3 d5 5. Bg2 Nf6 6. Ngf3 Be7 7.
O-O O-O 8. e5 Nd7 9. Re1 Qc7 10. Qe2 b5 11. Nf1 Bb7 12. Bf4 Qb6 13. h4 h6 14. N1h2 c4 15. Ng4 Kh7 16. Qd2 h5 17. Ngh2 d4 18. Ng5+ Bxg5 19. hxg5 g6 20. g4 h4 21. Nf3 Kg7 22. Nxh4 Rh8 23. Nf3 Ne7 24. dxc4 bxc4 25. Qxd4 Nc5 26. Be3 Rac8 27. Rad1 Rhd8 28. Qxc4 Bd5 29. Qf4 Qxb2 30. Qf6+ Kf8 31.
Nd4 Bxg2 32. Kxg2 Qxa2 33. Rh1 Qd5+ 34. f3 Nd7 35. Qh8+ Ng8 36. Rh7 Qxe5 37. Qxe5 Nxe5 38. Bf4 Nc4 0-1

[Event "*** Titled Tuesday Blitz"]
[Site "Chess.com"]
[Date "2019.06.04"]
[Round "7"]
[White "Mikhail_Golubev"]
[Black "dusanacns"]
[Result "1-0"]
[WhiteElo "2490"]
[BlackElo "2632"]
[TimeControl "180+2"]
[EndTime "14:35:33 PDT"]
[Termination "Mikhail_Golubev won by resignation"]

1. e4 c5 2. Nf3 d6 3. d4 cxd4 4. Nxd4 Nf6 5. Nc3 a6 6. Bc4 e6 7. O-O Be7 8. Bb3 O-O 9. f4 Nc6 10. Be3 Nxd4 11. Bxd4 b5 12. e5 dxe5 13. fxe5 Nd7 14.
Ne4 Bb7 15. Nd6 Bxd6 16. exd6 Qg5 17. Qe2 Rae8 18. a4 b4 19. a5 Kh8 20. Ba4 Rd8 21.
Rad1 e5 22. Bxd7 exd4 23. Bh3 Rxd6 24. Rxf7 Rf6 25. Rxb7 h6 26. Re7 b3 27. Re8 bxc2 28. Rxf8+ Rxf8 29. Qxc2 Qe3+ 30. Kh1 d3 31. Qc1 d2 32.
Qb1 Qe2 33. Rg1 Re8 34. Qc2 Qf2 35. Bg4 Re1 36. Qc8+ Kh7 37. Qf5+ Qxf5 38. Bxf5+ g6 39. Bg4 h5 40. Bd1 Kg7 41. g3 Kf6 42. Kg2 Ke5 43.
Kf2 1-0

[Event "*** Titled Tuesday Blitz"]
[Site "Chess.com"]
[Date "2019.06.04"]
[Round "7"]
[White "sergeikim"]
[Black "ulises2013"]
[Result "1-0"]
[WhiteElo "2413"]
[BlackElo "2563"]
[TimeControl "180+2"]
[EndTime "14:35:34 PDT"]
[Termination "sergeikim won by resignation"]

1. d4 g6 2. c4 Bg7 3. Nc3 c5 4. e3 cxd4 5. exd4 Nf6 6. d5 O-O 7. Nf3 d6 8. Be2 Nbd7 9. O-O a5 10. h3 Nc5 11. Be3 b6 12. Nd4 Bb7 13. Re1 Rc8 14. Bf3 Nfd7 15. Rc1 Ne5 16. Be2 Re8 17.
Qd2 Ncd7 18. b3 Nf6 19. f4 Ned7 20. Bf3 Nc5 21. Bf2 Qc7 22. Ncb5 Qb8 23. Nc6 Bxc6 24. dxc6 Ne6 25. Rcd1 Nc7 26. Nc3 e6 27. a4 Rcd8 28.
Qe3 Na8 29. Nb5 d5 30. cxd5 Nxd5 31. Bxd5 exd5 32. Qd2 Rxe1+ 33. Rxe1 Nc7 34. Re7 Nxb5 35. axb5 Qd6 36. Qe2 Kf8 37. Rb7 d4 38. Qc4 Qe6 39. c7 Rc8 40. Qxe6 fxe6 41. Rb8 1-0

[Event "*** Titled Tuesday Blitz"]
[Site "Chess.com"]
[Date "2019.06.04"]
[Round "7"]
[White "SimonKnightRivendell"]
[Black "Anaiy"]
[Result "0-1"]
[WhiteElo "2004"]
[BlackElo "1984"]
[TimeControl "180+2"]
[EndTime "14:35:34 PDT"]
[Termination "Anaiy won on time"]

1. d4 d5 2. c4 e6 3. Nf3 Nf6 4. g3 Be7 5. Bg2 O-O 6. O-O dxc4 7.
Qc2 a6 8. Qxc4 b5 9. Qc2 Bb7 10. Nbd2 Nbd7 11. Rd1 Qc8 12. Nb3 c5 13. Na5 Be4 14. Qd2 cxd4 15. Qxd4 Bc5 16. Qc3 Nd5 17. Qe1 Bc2 18. Rd2 Bb4 19. Rxc2 Qxc2 20. Bd2 Bxd2 21.
Nxd2 Rac8 22. e4 Nb4 23. Ndb3 Nd3 24. Qe3 Nxb2 25. e5 Nc4 26. Nxc4 bxc4 27. Nd4 Qb2 28.
Rd1 Nc5 29. Nc6 Nd3 30. Ne7+ Kh8 31. Nxc8 Rxc8 32. Be4 Qc2 33. Rd2 Qb1+ 34. Kg2 Ne1+ 35. Kh3 Qa1 36. Qc5 Rg8 37. Rd7 Qc1 38. f4 Qb2 39. Rxf7 Qe2 0-1

[Event "*** Titled Tuesday Blitz"]
[Site "Chess.com"]
[Date "2019.06.04"]
[Round "7"]
[White "vinniethepooh"]
[Black "FrenchMonster2002"]
[Result "0-1"]
[WhiteElo "2562"]
[BlackElo "2379"]
[TimeControl "180+2"]
[EndTime "14:35:37 PDT"]
[Termination "FrenchMonster2002 won on time"]

1. d4 Nf6 2. c4 g6 3. Nc3 Bg7 4. e4 d6 5. Nf3 O-O 6. Be2 Na6 7. O-O e5 8. Be3 c6 9. Qc2 Ng4 10. Bg5 Qc7 11. d5 f6 12. Bd2 c5 13. a3 b6 14. Qc1 f5 15. h3 Nf6 16. Bd3 f4 17. Nh2 h5 18. b4 g5 19. b5 Nb8 20.
a4 g4 21. hxg4 hxg4 22. Re1 Qf7 23. Nf1 Qh5 24. g3 Bh6 25. gxf4 exf4 26. Bxf4 Bxf4 27. Qxf4 Nxd5 28. Qxf8+ Kxf8 29. exd5 Nd7 30. Ng3 Qg5 31. Nce4 Qf4 32. Nh5 Qh6 33. Neg3 Ne5 34. Re3 Bd7 35. Kg2 Re8 36. Rh1 Qg5 0-1

[Event "*** Titled Tuesday Blitz"]
[Site "Chess.com"]
[Date "2019.06.04"]
[Round "7"]
[White "Chebure"]
[Black "Bryakin_Mikhail"]
[Result "1-0"]
[WhiteElo "2811"]
[BlackElo "2723"]
[TimeControl "180+2"]
[EndTime "14:35:43 PDT"]
[Termination "Chebure won by resignation"]

1. e4 c6 2. d3 d5 3. Nd2 g6 4. Ngf3 Bg7 5. g3 e5 6. Bg2 Ne7 7. O-O O-O 8. b3 Qd6 9. a4 f5 10. Ba3 Qd8 11. Re1 Re8 12. c4 fxe4 13. dxe4 d4 14.
c5 Be6 15. Ng5 Qd7 16. Nc4 Rf8 17. Nd6 h6 18. Nxe6 Qxe6 19. Nxb7 Nd7 20. Bf1 Kh7 21. Bc4 Qf6 22. Rf1 Rab8 23. Nd6 Nc8 24. Nxc8 Rbxc8 25. Qg4 Qe7 26. Qe6 Qd8 27. b4 Rf6 28.
Qg4 Qe7 29. b5 h5 30. Qh3 Rc7 31. Rab1 Nxc5 32. b6 axb6 33. Rxb6 Ra7 34. Qc8 Rxa4 35. Qg8+ Kh6 36. Bc1+ g5 37. h4 Kg6 38. Bxg5 Rxc4 39.
Qxc4 Ne6 40. Bxf6 Bxf6 41. Qxc6 Nc5 42. f4 exf4 43. Rxf4 Nd7 44. Rb7 Qa3 45. Kh2 Qa2+ 46. Kh3 Qa1 47. e5 1-0

[Event "*** Titled Tuesday Blitz"]
[Site "Chess.com"]
[Date "2019.06.04"]
[Round "7"]
[White "el-reptiliano"]
[Black "ozates"]
[Result "1/2-1/2"]
[WhiteElo "2195"]
[BlackElo "2239"]
[TimeControl "180+2"]
[EndTime "14:35:43 PDT"]
[Termination "Game drawn by repetition"]

1. Nf3 c5 2. e3 g6 3. c4 Bg7 4. Nc3 Nf6 5. d4 cxd4 6. exd4 d5 7. cxd5 Nxd5 8. Bc4 Nxc3 9. bxc3 O-O 10. O-O Qc7 11.
Be2 Qxc3 12. Bg5 Qc7 13. Rc1 Qd6 14. Re1 e6 15. Bc4 Nc6 16. d5 exd5 17. Bxd5 Qa3 18. Bxc6 bxc6 19. Be7 Qxa2 20. Bxf8 Bxf8 21. Re8 Bb7 22.
Rxa8 Bxa8 23. Qd8 Bb7 24. Re1 Qd5 25. Qb8 Kg7 26. Qxb7 a5 27. Qb2+ f6 28. Qb7+ Kh6 29. Qa7 Bb4 30. Rf1 c5 31. h4 c4 32. Qd4 Qc6 33. Nd2 c3 34. Ne4 c2 35. Nxf6 c1=Q 36.
Ng8+ Kh5 37. Nf6+ Kh6 38. Ng8+ Kh5 39. Nf6+ Kh6 1/2-1/2

[Event "*** Titled Tuesday Blitz"]
[Site "Chess.com"]
[Date "2019.06.04"]
[Round "7"]
[White "Berardino"]
[Black "pedro_gines"]
[Result "0-1"]
[WhiteElo "2544"]
[BlackElo "2390"]
[TimeControl "180+2"]
[EndTime "14:35:45 PDT"]
[Termination "pedro_gines won by resignation"]

1. e4 c6 2. d4 d5 3. exd5 cxd5 4. c4 Nf6 5. Nc3 Nc6 6. Bg5 Be6 7. Be2 Qa5 8. Bf3 O-O-O 9. Bxf6 gxf6 10. cxd5 Bxd5 11.
Bxd5 Rxd5 12. Nf3 e6 13. O-O Rd8 14. Qb3 Qb4 15. Rfd1 Qxb3 16. axb3 Bb4 17. g3 Kb8 18. d5 Bxc3 19. dxc6 Bxb2 20. Rab1 Rxd1+ 21. Rxd1 bxc6 22. Rd7 Rf8 23. Nd2 Be5 24. Nc4 Bc7 25. Rd4 Rd8 26. Rh4 Rd3 27. Rxh7 Rxb3 28. Rxf7 Rc3 29. Nb2 Be5 30.
Nd1 Rc1 31. Rd7 a5 32. Kg2 a4 33. Rd3 a3 34. Rb3+ Kc7 35. Rxa3 Rxd1 36. h4 f5 37. h5 c5 38. Ra7+ Kd6 39. h6 c4 40.
h7 c3 41. Ra6+ Ke7 42. Rc6 Rd8 43. Rc5 Bf6 44. Kf1 Rh8 45. Ke2 Kd6 46. Rc4 Rxh7 47. Kd3 Rc7 0-1

[Event "*** Titled Tuesday Blitz"]
[Site "Chess.com"]
[Date "2019.06.04"]
[Round "7"]
[White "PowerThinking2650"]
[Black "IMTominho"]
[Result "1/2-1/2"]
[WhiteElo "2355"]
[BlackElo "2769"]
[TimeControl "180+2"]
[EndTime "14:35:45 PDT"]
[Termination "Game drawn by repetition"]

1. e4 e5 2. Nf3 Nc6 3. Nc3 Bb4 4. d4 exd4 5. Nxd4 Nf6 6. Nxc6 bxc6 7. Bd3 d5 8. exd5 cxd5 9. O-O O-O 10. Bg5 c6 11. Qf3 h6 12. Bxf6 Qxf6 13. Qxf6 gxf6 14.
Ne2 Bd6 15. Ng3 Re8 16. b3 a5 17. a4 Bb4 18. Nf5 h5 19. f4 Bd7 20. Rf3 Bxf5 21. Bxf5 Re2 22. Bd3 Re1+ 23. Rxe1 Bxe1 24. Rh3 h4 25.
Kf1 Re8 26. Be2 Bb4 27. Rxh4 Re3 28. Rg4+ Kf8 29. Bd3 c5 30. h4 Re1+ 31. Kf2 Rh1 32.
g3 Rc1 33. Kg2 c4 34. bxc4 dxc4 35. Bf5 Rd1 36. h5 Rd2+ 37. Kh3 Bc5 38. h6 Bg1 39.
Rh4 Rh2+ 40. Kg4 Rxh4+ 41. Kxh4 Bf2 42. Kg4 Kg8 43. Kf3 Be1 44. g4 Bd2 45. Ke4 Kh8 46.
h7 Bb4 47. Kd5 c3 48. Kc6 Kg7 49. Kd7 Ba3 50. Ke8 Bd6 51. h8=Q+ Kxh8 52. Kxf7 Bxf4 53.
Kxf6 Kg8 54. g5 Be3 55. g6 Bd4+ 56. Ke6 Bc5 57. Bd3 Kg7 58. Kd5 Bb4 59. Kc4 Kg8 60. Kb3 Kg7 61. Kc4 Kg8 62. Kb3 Kg7 63. Kc4 1/2-1/2

[Event "*** Titled Tuesday Blitz"]
[Site "Chess.com"]
[Date "2019.06.04"]
[Round "7"]
[White "velemajstor767276"]
[Black "Joseph_Truelson"]
[Result "1-0"]
[WhiteElo "2533"]
[BlackElo "2287"]
[TimeControl "180+2"]
[EndTime "14:35:47 PDT"]
[Termination "velemajstor767276 won by resignation"]

1. d4 d6 2. c4 e5 3. dxe5 dxe5 4. Qxd8+ Kxd8 5. Nf3 f6 6. Nc3 Be6 7. b3 Nd7 8. Bb2 c6 9. O-O-O Kc7 10. e3 Ne7 11.
Be2 g5 12. h4 g4 13. Ne1 h5 14.
g3 Bg7 15. e4 Rad8 16. Kc2 f5 17. Ng2 Ng6 18. exf5 Bxf5+ 19. Bd3 Bxd3+ 20. Rxd3 Nc5 21. Rxd8 Rxd8 22. Rd1 Rxd1 23. Nxd1 Ne7 24. Nge3 Ne6 25. Nc3 Nd4+ 26. Kd3 Bh6 27. Ne4 Nf3 28. Nf6 Bxe3 29.
Kxe3 Nf5+ 30. Ke4 Nd6+ 31. Kd3 Kd8 32. c5 Nf5 33. Ke4 N5d4 34. Bxd4 exd4 35. Nxh5 Ke7 36. Nf4 Kf6 37. Ne2 Nd2+ 38. Kxd4 Kf5 39. h5 Kg5 40. Nf4 Nf3+ 41. Ke4 Nd2+ 42. Ke5 Nf3+ 43. Kd6 Nd2 44. Kc7 Ne4 45. Kxb7 Nxc5+ 46. Kxa7 Ne4 47. Kb6 Nxf2 48. a4 Ne4 49. a5 Nxg3 50. Ng2 Ne4 51. a6 Nd6 52.
Kxc6 Nc8 53. b4 g3 54. b5 Kxh5 55. b6 Kg4 56. a7 Kf3 57. Kc7 Nxb6 58. Kxb6 Kxg2 59.
a8=Q+ Kh2 60. Qh8+ Kg1 61. Qg7 g2 62. Kc5 Kf2 63.
Qf6+ Ke3 64. Qg5+ Kf3 65. Kd4 Kf2 66. Qf4+ Ke1 67. Qg3+ Kf1 68. Qf3+ Kg1 69. Ke3 Kh2 70. Qh5+ Kg3 71. Qg5+ Kh2 72. Kf2 1-0

[Event "*** Titled Tuesday Blitz"]
[Site "Chess.com"]
[Date "2019.06.04"]
[Round "7"]
[White "Jabberwockiez"]
[Black "armago"]
[Result "1-0"]
[WhiteElo "2250"]
[BlackElo "2075"]
[TimeControl "180+2"]
[EndTime "14:35:47 PDT"]
[Termination "Jabberwockiez won on time"]

1. e4 c5 2. Nc3 Nc6 3. Nf3 e5 4. Bc4 Be7 5. d3 d6 6. Nd5 Nf6 7. Nxe7 Qxe7 8. c3 a6 9. Nd2 Be6 10. Bb3 O-O 11. O-O d5 12. exd5 Nxd5 13. Ne4 Rad8 14. Qh5 Nf6 15. Nxf6+ Qxf6 16. Bg5 Qf5 17. Bxe6 fxe6 18. g4 Qf3 19. Bxd8 Rxd8 20. Rae1 Rf8 21. Re3 Qf4 22. Qh3 Rf6 23. Qg3 Qg5 24. h4 Qg6 25.
h5 Qg5 26. Re4 Qd2 27. f4 Qxb2 28. fxe5 Rxf1+ 29. Kxf1 Qxc3 30. h6 gxh6 31. g5 h5 32. g6 h6 33. Qf3 Nd8 34. Rf4 Qxe5 35. Rf8+ Kg7 36. Rxd8 Qa1+ 37. Kg2 Qb2+ 38. Kh3 Qf6 39. Rg8+ 1-0

[Event "*** Titled Tuesday Blitz"]
[Site "Chess.com"]
[Date "2019.06.04"]
[Round "7"]
[White "severomorskij"]
[Black "Dr-Bassem"]
[Result "1-0"]
[WhiteElo "2805"]
[BlackElo "2851"]
[TimeControl "180+2"]
[EndTime "14:35:49 PDT"]
[Termination "severomorskij won on time"]

1. d4 f5 2. Bg5 Nf6 3. Bxf6 exf6 4. c4 d5 5. cxd5 Qxd5 6. Nc3 Qa5 7. e3 Be6 8. Bd3 c5 9. Ne2 Nc6 10. O-O cxd4 11.
Nxd4 Nxd4 12. exd4 O-O-O 13. Re1 Bd7 14. Qf3 Bd6 15. a3 Kb8 16. g3 g6 17. b4 Qb6 18.
Rad1 Bc6 19. d5 Bd7 20. Bf1 Be5 21. Bg2 Rc8 22. Rd3 h5 23. h4 Rc4 24. d6 Bc6 25. Nd5 Qb5 26. Qd1 Rd8 27. Nc7 Qb6 28.
Bxc6 Qxc6 29. b5 Qb6 30. Nd5 Qxd6 31. Nf4 Rd4 32. Rxd4 Bxd4 33. Qf3 g5 34. hxg5 fxg5 35. Nxh5 Qc5 36. a4 Ka8 37. Qe2 Qc3 38. Kg2 g4 39. Nf4 Rc8 40. Qe6 Rd8 41. Qd5 1-0

[Event "*** Titled Tuesday Blitz"]
[Site "Chess.com"]
[Date "2019.06.04"]
[Round "7"]
[White "SoltaniciR"]
[Black "SanchezKelvin"]
[Result "1-0"]
[WhiteElo "2593"]
[BlackElo "2445"]
[TimeControl "180+2"]
[EndTime "14:35:49 PDT"]
[Termination "SoltaniciR won on time"]

1. e4 c5 2. Nf3 d6 3. Nc3 Nf6 4. d4 cxd4 5. Nxd4 g6 6. Be3 Bg7 7. f3 O-O 8. g4 Nc6 9. Qd2 Nxd4 10. Bxd4 Be6 11. Nd5 Bxd5 12. exd5 Nd7 13. Bxg7 Kxg7 14.
h4 Qb6 15. O-O-O h6 16. g5 h5 17. f4 f5 18. Bg2 Rf7 19. Rhe1 Nc5 20. Re3 Rc8 21.
Rde1 Rc7 22. Qd4+ Kh7 23. Kb1 Qa6 24. Bf3 Qa4 25. Qd1 Qxf4 26. Bxh5 Ne4 27. Bf3 Rc4 28. h5 Rg7 29. Qe2 Ng3 30. hxg6+ Kxg6 31. Re6+ Kxg5 32. Qh2 Qh4 33. Qd2+ Qf4 34. Qh2 Qh4 35. Qg2 Rh7 36. b3 Rf4 37. Rg1 Rg4 38. Bxg4 Kxg4 39. Qe2+ Kg5 40. Rxe7 Rxe7 41. Qxe7+ Kg4 42. Qe2+ Kh3 43.
Qf3 1-0

[Event "*** Titled Tuesday Blitz"]
[Site "Chess.com"]
[Date "2019.06.04"]
[Round "7"]
[White "ehrenfeld"]
[Black "DivyaDeshmukh23"]
[Result "1-0"]
[WhiteElo "2501"]
[BlackElo "2378"]
[TimeControl "180+2"]
[EndTime "14:35:50 PDT"]
[Termination "ehrenfeld won by resignation"]

1. e4 d5 2. exd5 Nf6 3. d4 Bg4 4. Be2 Bxe2 5. Qxe2 Qxd5 6. Nf3 e6 7. O-O Nc6 8. c3 O-O-O 9. Nbd2 Bd6 10. Nc4 Kb8 11.
Re1 Be7 12. Nce5 Nxe5 13. Nxe5 Rhf8 14. Bf4 h6 15. a4 g5 16. Bg3 h5 17. h3 h4 18. Bh2 Bd6 19. Rad1 Qb3 20. a5 Nd5 21. a6 Nf4 22. Bxf4 gxf4 23. axb7 Qxb7 24. Qe4 Bxe5 25. Qxb7+ Kxb7 26. Rxe5 Rg8 27. f3 Rg3 28. Rd2 Rdg8 29. Kf1 R3g5 30. Rde2 Kc6 31. c4 Rxe5 32. Rxe5 Rb8 33.
Re4 Rxb2 34. Rxf4 f5 35. Rxh4 a5 36. Rh8 a4 37. Ra8 Rb4 38. Ra6+ Kd7 39. d5 Rxc4 40.
dxe6+ Ke7 41. g4 fxg4 42. hxg4 Rc3 43. Ke2 a3 44. f4 Rg3 45. g5 a2 46. Kf2 Rh3 47.
Kg2 Rh4 48. Kg3 Rh1 49. Rxa2 Kxe6 50. Ra6+ Ke7 51. f5 Rg1+ 52. Kf4 Rf1+ 53. Kg4 c5 54.
Rc6 Rd1 55. Rxc5 Rd4+ 56. Kh5 Rd1 57. Kg6 1-0

[Event "*** Titled Tuesday Blitz"]
[Site "Chess.com"]
[Date "2019.06.04"]
[Round "7"]
[White "TigranLPetrosyan"]
[Black "Hikaru"]
[Result "0-1"]
[WhiteElo "2852"]
[BlackElo "3204"]
[TimeControl "180+2"]
[EndTime "14:35:53 PDT"]
[Termination "Hikaru won by resignation"]

1. Nf3 d5 2. g3 g6 3. Bg2 Bg7 4. d4 Nf6 5. c4 dxc4 6. Na3 c3 7. bxc3 c5 8. O-O O-O 9. Re1 Nc6 10. e4 cxd4 11.
cxd4 Bg4 12. Bb2 Nd7 13. Rb1 Qa5 14. Re3 Rfd8 15. d5 Nce5 16. Bxe5 Nxe5 17. Rxb7 Rac8 18. Rb5 Qa6 19. Rb1 e6 20. Qf1 Qxf1+ 21. Kxf1 Bxf3 22. Bxf3 Bf8 23. Be2 exd5 24. exd5 Rxd5 25. Rb5 Rcc5 26.
Rxc5 Rxc5 27. f4 Rc1+ 28. Kg2 Nd7 29. Kf3 Ra1 30. Bc4 Nb6 31. Nc2 Rc1 32. Bb3 Rd1 33. Re8 Kg7 34. Ne3 Rd2 35. Nc4 Nxc4 36. Bxc4 Rxh2 37. Rb8 Rc2 38. Bb3 Rc3+ 39. Kg2 Rc7 40.
Bd5 Rd7 41. Bc4 Bc5 42. a4 Bb6 43. Kf3 h5 44. Re8 Rc7 45. Bd5 Rc5 46. Ke4 Rc3 47.
Bxf7 Kxf7 0-1

[Event "*** Titled Tuesday Blitz"]
[Site "Chess.com"]
[Date "2019.06.04"]
[Round "7"]
[White "igorkovalenko"]
[Black "mouseWLZ"]
[Result "0-1"]
[WhiteElo "2883"]
[BlackElo "2768"]
[TimeControl "180+2"]
[EndTime "14:35:53 PDT"]
[Termination "mouseWLZ won by resignation"]

1. d4 Nf6 2. Nf3 g6 3. Bf4 Bg7 4. e3 d6 5. h3 O-O 6. c3 Nbd7 7. Bh2 Qe8 8. a4 e5 9. a5 a6 10. Bc4 Kh8 11. Nbd2 e4 12. Ng1 d5 13. Bb3 c6 14.
c4 c5 15. Ne2 cxd4 16. Nxd4 Nc5 17. O-O Nxb3 18. Qxb3 dxc4 19. Nxc4 Be6 20. Rfc1 Rc8 21. Bg3 Qd7 22. Qb4 Bxc4 23. Rxc4 Rxc4 24. Qxc4 Rc8 25. Qb3 Qd5 26. Rd1 Kg8 27. Bh4 Qh5 28.
Bxf6 Bxf6 29. Rf1 Bxd4 30. exd4 Qxa5 31. Qxb7 Rd8 32. Qxe4 Qb4 33. Rd1 Qxb2 34. d5 Qb6 35. h4 h5 36. g3 a5 37. Rd3 Qb4 38. Rd4 Qd6 39. Qc2 Qe5 40. Qc4 Kg7 41. Qd3 a4 42. d6 a3 43. Ra4 Rxd6 44. Qxa3 Rd1+ 45. Kh2 Qd5 46. Qc3+ Kh7 47. f3 Rd2+ 48. Kh3 Qe6+ 49.
g4 Qe2 0-1

[Event "*** Titled Tuesday Blitz"]
[Site "Chess.com"]
[Date "2019.06.04"]
[Round "7"]
[White "Jbd735"]
[Black "dopolian"]
[Result "0-1"]
[WhiteElo "2421"]
[BlackElo "2274"]
[TimeControl "180+2"]
[EndTime "14:35:58 PDT"]
[Termination "dopolian won on time"]

1. e4 e5 2. Nf3 Nc6 3. Bb5 a6 4.
Ba4 Nf6 5. O-O Nxe4 6. d4 b5 7. Bb3 d5 8. dxe5 Be6 9. c3 Bc5 10. Nbd2 O-O 11. Bc2 Nxf2 12. Rxf2 f6 13. exf6 Bxf2+ 14.
Kxf2 Qxf6 15. Kg1 Ne5 16. Nxe5 Qxe5 17. Nf3 Qh5 18. Ng5 Qxd1+ 19. Bxd1 Bf5 20. Be3 Rfe8 21. Bf2 c6 22. Nf3 Be4 23. Nd2 Bd3 24. Bg4 a5 25.
Bd7 Re2 26. Bxc6 Rd8 27. Be1 Rd6 28. Bb7 a4 29. Bc8 Rg6 30. Bh3 Rf6 31. Nf3 Rxb2 32. c4 dxc4 33. Bc3 a3 34. Bxf6 gxf6 35. Nd4 b4 36. Be6+ Kf8 37. h4 Ke7 38. Re1 Kd6 39.
Bg8 Rxa2 40. h5 Rb2 41. h6 a2 42. Kh2 Rb1 43. Re6+ Kc5 44. Nf3 a1=Q 0-1

[Event "*** Titled Tuesday Blitz"]
[Site "Chess.com"]
[Date "2019.06.04"]
[Round "7"]
[White "marianokar"]
[Black "Thee-Chessboy"]
[Result "0-1"]
[WhiteElo "2416"]
[BlackElo "2439"]
[TimeControl "180+2"]
[EndTime "14:36:04 PDT"]
[Termination "Thee-Chessboy won by checkmate"]

1. e4 c5 2. Nf3 d6 3. g3 Nf6 4. d3 Nc6 5. Bg2 g6 6. O-O Bg7 7. Re1 O-O 8. c3 Rb8 9. d4 cxd4 10.
cxd4 Bg4 11. h3 Bxf3 12. Bxf3 Nd7 13. d5 Nd4 14. Bg2 e5 15. dxe6 fxe6 16. Be3 Qf6 17. Nc3 Nb6 18. Qd3 e5 19. Rac1 Rbd8 20. f4 exf4 21.
gxf4 Ne6 22. Rf1 Bh6 23. Nd5 Nxd5 24. Qxd5 Kh8 25. Qxb7 Rf7 26. Qb4 Bxf4 27. Kh1 Qe5 28. Rxf4 Rxf4 29. Bxf4 Nxf4 30. Qc3 Rb8 31. b3 Rd8 32.
Qxe5+ dxe5 33. Bf1 Rd2 34. a4 Rb2 35. Bc4 Kg7 36. Rd1 Kf6 37. Rd7 Kg5 38. Rxa7 Kh4 39. Kg1 Kg3 40. Bf1 Rb1 41. Rf7 Nxh3+ 42. Kh1 Nf2+ 43.
Kg1 Nh3+ 44. Kh1 Nf4 45. Kg1 h5 46. a5 h4 47. a6 h3 48. Rh7 Ne2+ 49. Kh1 Rxf1# 0-1

[Event "*** Titled Tuesday Blitz"]
[Site "Chess.com"]
[Date "2019.06.04"]
[Round "7"]
[White "LuckIsMySkill"]
[Black "GadimbayliA"]
[Result "1-0"]
[WhiteElo "2681"]
[BlackElo "2836"]
[TimeControl "180+2"]
[EndTime "14:36:10 PDT"]
[Termination "LuckIsMySkill won by resignation"]

1. Nf3 Nf6 2. c4 b6 3. g3 Bb7 4. Bg2 e6 5. O-O Be7 6. b3 O-O 7. Bb2 d6 8. d4 Nbd7 9. Nbd2 Ne4 10. Rc1 f5 11. Nxe4 Bxe4 12. e3 Qe8 13. Ne1 Bxg2 14. Kxg2 Nf6 15. Nd3 Rd8 16. Nf4 Qf7 17. d5 e5 18. Ne6 Rc8 19. f4 exf4 20. exf4 Rfe8 21. Qd3 Qg6 22. Rce1 Bf8 23. Re2 Ne4 24. Rfe1 h5 25.
Nd4 h4 26. Nxf5 Qxf5 27. Rxe4 Re7 28. R1e3 Rce8 29. Rxe7 Qxd3 30. Rxd3 Rxe7 31. Kf2 hxg3+ 32. hxg3 Kf7 33. Bc3 g6 34. Kf3 Bh6 35. Rd1 Bg7 36. Bxg7 Kxg7 37. g4 Kf6 38. a3 Rh7 39. Kg2 Re7 40.
Rd3 Re2+ 41. Kf3 Re1 42. Re3 Rf1+ 43. Kg3 Rg1+ 44. Kh3 Rf1 45. Re6+ Kf7 46. Kg3 Rg1+ 47. Kh4 Rb1 48. Kg5 Rxb3 49. Rf6+ Ke7 50. Rxg6 Rxa3 51.
f5 Rc3 52. Rg7+ Kd8 53. f6 Rxc4 54. Rg8+ Kd7 55. f7 1-0

[Event "*** Titled Tuesday Blitz"]
[Site "Chess.com"]
[Date "2019.06.04"]
[Round "7"]
[White "aquaticpineapples"]
[Black "2165149677570"]
[Result "1-0"]
[WhiteElo "2173"]
[BlackElo "2212"]
[TimeControl "180+2"]
[EndTime "14:36:10 PDT"]
[Termination "aquaticpineapples won by checkmate"]

1. d4 Nf6 2. g3 h5 3. h4 d6 4. Bg2 c6 5. b3 a5 6. Bb2 a4 7. Nc3 a3 8. Bc1 d5 9. Bf4 Bf5 10. Nf3 Qa5 11. Bd2 e6 12. e4 dxe4 13. Nxe4 Nxe4 14. Bxa5 Rxa5 15. O-O Bb4 16. Ne5 O-O 17.
Bxe4 Bxe4 18. Qe2 Bf5 19. Qc4 Bd6 20. f4 Rd5 21. c3 b5 22. Qe2 b4 23. cxb4 Rxd4 24.
Rfd1 Bxe5 25. Qxe5 Rxb4 26. Rd4 Rb5 27. Qc7 Na6 28.
Qxc6 Rfb8 29. Rad1 Nb4 30. Rd8+ Kh7 31. Qc7 R8b7 32.
Qc3 Nd5 33. Qc8 Rc7 34. Rh8+ Kg6 35. Qg8 Rc2 36. Rh7 Kf6 37. Qxg7+ Ke7 38. Qxf7+ Kd6 39. Qd7+ Kc5 40. Qc8+ Kb4 41. Qf8+ Kc3 42. Rd7 Kb2 43. Qd8 Rbc5 44. Qh8+ Kxa2 45. Qa1+ Kxb3 46. Rb1+ Kc4 47. Qxa3 Rc3 48. Qa2+ Kd3 49. Rd1+ Ke4 50. Qe2+ Ne3 51. R1d4# 1-0

[Event "*** Titled Tuesday Blitz"]
[Site "Chess.com"]
[Date "2019.06.04"]
[Round "7"]
[White "Mostii"]
[Black "tteshan"]
[Result "1-0"]
[WhiteElo "2452"]
[BlackElo "2238"]
[TimeControl "180+2"]
[EndTime "14:36:10 PDT"]
[Termination "Mostii won by resignation"]

1. d4 d5 2. Nf3 Nf6 3. g3 e6 4. Bg2 c5 5. O-O Nc6 6. b3 Bd6 7. Bb2 O-O 8. dxc5 Bxc5 9. e3 b6 10. Nbd2 Bb7 11. c4 dxc4 12. Nxc4 Qe7 13. Qe2 Rfd8 14. Rfd1 h6 15. Nfe5 Nxe5 16. Bxe5 Bxg2 17. Kxg2 Qb7+ 18. Qf3 Qxf3+ 19. Kxf3 Be7 20. Rac1 Rac8 21. Bxf6 Bxf6 22. e4 b5 23. Ne3 Kf8 24. Rxd8+ Rxd8 25. Rc7 Bd4 26. Rb7 Bb6 27. a4 bxa4 28. bxa4 Rd4 29. a5 Bxa5 30. Rxa7 Bb4 31. Rb7 Bc3 32. h4 g5 33. hxg5 hxg5 34. Rc7 Ba5 35. Rc5 Bd2 36. Rxg5 Bxe3 37. Kxe3 Rd1 38. Ra5 Ke7 39. Kf4 Kf6 40.
f3 Rd3 41. g4 Kg6 42. Rg5+ Kf6 43. Rb5 Kg6 44. Rh5 Ra3 45. Rh1 Rb3 46. Rh2 Ra3 47. g5 e5+ 48. Kg4 Rb3 49. Rh6+ Kg7 50. Rf6 Rb1 51. Rf5 Rg1+ 52. Kh3 Kg6 53. Rxe5 Rxg5 54.
Rxg5+ Kxg5 55. Kg3 Kf6 56. f4 Ke6 57. Kf3 Kf6 58.
Ke3 Ke6 59. Kd4 Kf6 60. Kd5 Ke7 61.
Ke5 f6+ 62. Kf5 Kf7 63. Kg4 Ke6 64. Kh5 Kf7 65. Kh6 1-0